Map: [ESL] Ancient Cistern

Players

Coffee - Winner!

  • Race: Terran Terran
  • Spawn Location: 1:00

MeomaikA

  • Race: Zerg Zerg
  • Spawn Location: 7:00

Event: ESL SC2 Masters 2023 Summer (Regionals)

VOD

Have the link to the VOD?

Description

Time

  • Played on: May 11, 2023, 7:55 a.m.
  • Length: 5:53
Show
View Real Time Build Order
Export as new Build Order

Coffee Terran - Winner!

Build Orders: Reaper Expand, Hellion Banshee 

Get SALT Encoding   

  12  0:00  SCV  
  13  0:12  SCV  
  14  0:17  Supply Depot  
  14  0:24  SCV  
  15  0:38  SCV  
  15  0:39  Barracks  
  16  0:43  Refinery  
  16  0:50  SCV  
  17  1:02  SCV  
  18  1:14  SCV  
  19  1:27  Orbital Command, Reaper  
  20  1:39  Command Center  
  20  1:47  Supply Depot  
  20  1:52  SCV  
  21  1:58  Marine  
  22  2:05  SCV  
  22  2:07  Factory  
  23  2:12  Refinery  
  23  2:17  SCV  
  23  2:20  Barracks Reactor  
  24  2:29  SCV  
  25  2:32  Bunker  
  25  2:41  SCV  
  26  2:51  Orbital Command  
  26  2:53  SCV  
  26  2:56  Starport  
  27  3:00  Hellion x2  
  27  3:05  Marine  
  32  3:09  SCV  
  32  3:10  Orbital Command  
  33  3:21  Hellion x2, Supply Depot  
  33  3:24  Marine  
  33  3:26  SCV  
  39  3:33  Medivac  
  41  3:37  Armory  
  41  3:45  Hellion, Marine  
  41  3:46  Hellion  
  46  3:51  SCV x2  
  46  3:54  Supply Depot  
  48  4:05  Starport Tech Lab, Barracks Tech Lab  
  48  4:08  Hellion x2  
  52  4:14  SCV x2  
  54  4:19  Supply Depot  
  54  4:24  Cloaking Field, Banshee  
  57  4:29  SCV x2  
  55  4:41  Hellion x2  
  55  4:45  Orbital Command  
  50  4:57  SCV  
  50  5:02  Hellion x2  
  54  5:11  Hellion x2  
  54  5:17  SCV x2  
  54  5:18  Supply Depot  
  49  5:30  SCV  
  49  5:33  SCV  
  48  5:37  Supply Depot  
Show
View Real Time Build Order
Export as new Build Order

MeomaikA Zerg 

Build Orders: Pool First 

Get SALT Encoding   

  12  0:00  Drone  
  13  0:12  Overlord  
  13  0:16  Drone  
  14  0:30  Drone  
  14  0:31  Drone  
  14  0:34  Drone  
  17  0:43  Spawning Pool  
  17  0:48  Drone  
  17  1:03  Drone  
  18  1:10  Hatchery  
  17  1:15  Extractor, Drone  
  17  1:21  Drone  
  18  1:30  Zergling x2  
  18  1:31  Queen  
  21  1:39  Drone  
  22  1:49  Overlord  
  22  2:07  Queen, Drone  
  25  2:11  Drone  
  26  2:16  Metabolic Boost  
  26  2:21  Drone  
  27  2:23  Queen, Drone  
  30  2:34  Drone x2  
  32  2:38  Drone x2  
  32  2:40  Drone  
  36  2:44  Drone  
  36  2:46  Overlord  
  36  2:56  Overlord  
  36  3:06  Hatchery  
  36  3:07  Drone  
  36  3:08  Drone  
  36  3:10  Drone  
  38  3:16  Drone x3  
  41  3:20  Drone x2  
  43  3:27  Evolution Chamber x2  
  43  3:30  Drone  
  43  3:33  Drone x2  
  44  3:36  Zergling x4  
  44  3:39  Extractor  
  45  3:43  Zergling x4  
  47  3:51  Zergling x2  
  47  3:52  Zergling x8  
  51  3:59  Zerg Ground Armor Level 1  
  51  4:03  Zergling x2  
  51  4:04  Spine Crawler  
  51  4:06  Drone  
  51  4:09  Overlord  
  52  4:17  Overlord  
  52  4:18  Queen  
  52  4:20  Zergling x2  
  52  4:21  Zergling x2  
  56  4:28  Zergling x8  
  56  4:30  Zergling x2  
  61  4:31  Drone  
  61  4:33  Zergling x2  
  60  4:39  Zergling x4  
  60  4:40  Zergling x2  
  60  4:41  Zergling x2  
  60  4:42  Zergling x2  
  60  4:45  Zergling x2  
  62  4:51  Queen  
  62  4:52  Zergling x2  
  62  4:54  Zergling x2  
  62  4:56  Zergling x2  
  62  4:59  Zergling x2  
  62  5:07  Zergling x2  
  44  5:28  Zergling x2  
  32  5:32  Zergling x2  
  31  5:37  Drone  
Tags
 
Add a new tag
Caveats
  • Supply blocks, unpowered buildings, or Contaminate may cause inaccurate times.
  • Supply counts are checked every 10 seconds.